 Dungeon Crawl Stone Soup version 0.29-a0-819-g94b489e0ae (webtiles) character file.

Game seed: 17233401438221973870

1407 zeratav the Tainter (level 8, -7/48 (50) HPs)
             Began as an Octopode Venom Mage on July 6, 2022.
             Mangled by a wight
             ... wielding a +4 long sword of freezing
              (16 damage)
             ... on level 6 of the Dungeon.
             The game lasted 00:13:07 (6577 turns).

zeratav the Tainter (Octopode Venom Mage)           Turns: 6577, Time: 00:13:08

HP:   -7/48 (50)    AC:  9    Str: 11    XL:     8   Next: 70%
MP:   10/15         EV: 13    Int: 19    God:
Gold: 263           SH:  0    Dex: 13    Spells: 10/17 levels left

rFire   + . .      SeeInvis .   g - +6 sling of Jeubul {vorpal, Str+4}
rCold   . . .      Faith    .   (no shield)
rNeg    . . .      Spirit   .   (helmet restricted)
rPois   .          Reflect  .   (no amulet)
rElec   .          Harm     .   f - ring of protection from fire
rCorr   .          Rampage  .   h - +4 ring of protection
Will    .....                   r - +4 ring of protection
Stlth   ++++......              t - ring of wizardry
HPRegen 0.16/turn               (no ring)
MPRegen 0.14/turn               (no ring)
                                (no ring)
                                (no ring)

@: lightly drained
A: almost no armour, amphibious, 8 rings, camouflage 1, gelatinous body 1,
(nimble swimmer 1), tentacles
a: no special abilities


You were on level 6 of the Dungeon.
You visited 2 branches of the dungeon, and saw 7 of its levels.

You collected 378 gold pieces.
You spent 115 gold pieces at shops.


Innate Abilities, Weirdness & Mutations

You cannot wear most types of armour.
You are amphibious.
You can wear up to eight rings at the same time.
Your skin changes colour to match your surroundings (Stealth+).
Your rubbery body absorbs attacks. (AC +1, EV +1)
((You are camouflaged when in or above water. (Stealth+)))
You have tentacles for arms and can constrict up to eight enemies at once.


   Skills:
 + Level 1.8 Fighting
 + Level 2.9 Dodging
 - Level 5.0 Stealth
 - Level 5.0 Spellcasting
 - Level 1.0 Transmutations
 - Level 4.0 Fire Magic
 - Level 9.0 Poison Magic


You had 10 spell levels left.
You knew the following spells:

 Your Spells              Type           Power      Damage    Failure   Level
a - Sting                 Tmut/Pois      92%        1d7       1%          1
b - Poisonous Vapours     Pois/Air       42%        N/A       1%          2
c - Olgreb's Toxic Radia  Pois           38%        N/A       1%          4

Your spell library contained the following spells:

 Spells                   Type           Power      Damage    Failure   Level
 Scorch                   Fire           38%        2d6       1%          2
 Foxfire                  Conj/Fire      48%        2x1d6     2%          1
 Mephitic Cloud           Conj/Pois/Air  16%        N/A       4%          3
 Conjure Flame            Conj/Fire      12%        6-21      6%          3
 Inner Flame              Hex/Fire       12%        N/A       6%          3
 Blink                    Tloc           8%         N/A       8%          2
 Tukima's Dance           Hex            4%         N/A       16%         3
 Flame Wave               Conj/Fire      12%        2d6       21%         4
 Passage of Golubria      Tloc           4%         N/A       43%         4
 Yara's Violent Unravell  Hex/Tmut       3%         3d4       69%         5
 Manifold Assault         Tloc           4%         N/A       77%         5
 Summon Cactus Giant      Summ           2%         N/A       99%         6
 Storm Form               Tmut/Air       3%         N/A       100%        7

Inventory:

Hand Weapons
 d - a +2 vorpal dagger {short}
   (You took it off an orc priest on level 3 of the Dungeon)
 g - the +6 sling of Jeubul (weapon) {vorpal, Str+4}
   (You found it on level 2 of the Dungeon)

   Any ammunition fired from it inflicts extra damage upon your enemies.
   Str:       It affects your strength (+4).
Jewellery
 f - a ring of protection from fire (left tentacle)
   (You found it on level 1 of the Dungeon)
 h - a +4 ring of protection (right tentacle)
   (You found it on level 2 of the Dungeon)
 r - a +4 ring of protection (on tentacle)
   (You found it on level 4 of the Dungeon)
 t - a ring of wizardry (on tentacle)
   (You bought it in a shop on level 4 of the Dungeon)
Scrolls
 b - a scroll of identify {@r1}
 j - a scroll of fear
 n - 2 scrolls of torment {!r}
 q - a scroll of poison {!r}
 s - a scroll of fog {unknown}
Potions
 a - 2 potions of magic
 c - a potion of curing {unknown}
 i - a potion of degeneration {unknown}
 l - 2 potions of flight {unknown}
 m - a potion of invisibility {unknown}
 o - a potion of resistance {unknown}
 p - a potion of might {unknown}
 u - a potion of cancellation {unknown}

Dungeon Overview and Level Annotations

Branches:
Dungeon (6/15) Zot: 26722  Temple (1/1) D:4 Zot: 5914

Altars:
Ashenzari
Cheibriados
Dithmenos
Elyvilon
Fedhas
Hepliaklqana
Makhleb
Nemelex Xobeh
Okawaru
Qazlal
Ru
Sif Muna
Trog
Uskayaw
Wu Jian
Xom
Zin
The Shining One

Shops:
D:4 *

Annotations:
D:2 1 runed translucent door, Crazy Yiuf
D:5 Grinder

#####.#.##.##### #.#
#......# #####.###
###.#### #.......# #.#
#######.###.#.# ######.#
#.....#.##..#.# #....#z#
#.....#.##.##.# #......#
#.....#.......#
#..#....####.....####.####
##...zz@......# #...#
##..###.##.### ###.#
#....#.......# #.#
##.#.....###.## #.#
#+##...## ##.# #.# .#
##..# #.# #.# ..#
####...## ##.#####.# #..#
##.#.....###.<......# #...
#....#.......######## #


You could see 2 wights.


Message History

Training target 9.0 for Poison Magic reached!
Your Spellcasting skill increases to level 5!
Your Poison Magic skill increases to level 9!
You need to enable at least one skill for training.
Your Fighting skill increases to level 1!
You now have 48 max hp (+2).
You feel much better.
HP[+21]
You regained 21 hp, and now have 33/48 hp.
The wight attacks as you move away!
The wight hits you with a +4 long sword of freezing.
You feel drained. The wight freezes you. The wight hits you but does no damage.
HP[-2]
You now have 47 max hp (-1).
You take 2 damage, and now have 31/47 hp.
The wight attacks as you move away! The wight misses you.
The wight attacks as you move away!
The wight hits you with a +4 long sword of freezing.
The wight freezes you.
HP[-2]
You take 2 damage, and now have 29/47 hp.
The wight attacks as you move away! The wight barely misses you.
You shoot a sling bullet. The sling bullet hits the wight.
The wight hits you with a +0 hand axe.
HP[-1] MP[+1]
You take 1 damage, and now have 28/47 hp.
You shoot a sling bullet.
The sling bullet hits the wight but does no damage.
The wight hits you but does no damage. The wight hits you with a +0 hand axe.
HP[-2]
You take 2 damage, and now have 26/47 hp.
You shoot a sling bullet. The sling bullet hits the wight.
The wight hits you with a +0 hand axe.
HP[-2]
You take 2 damage, and now have 24/47 hp.
You shoot a sling bullet. The sling bullet hits the wight.
You destroy the wight!
Your life force feels restored.
HP[+1]
You now have 50 max hp (+3).
You are too injured to fight recklessly!
You are too injured to fight recklessly!
You are too injured to fight recklessly!
You are too injured to fight recklessly!
Fire: g) +6 sling of Jeubul {vorpal, Str+4}
Press: ? - help, Q - select action, (/) - cycle Shift-Dir - straight line, f - wight
Aim: a wight, wielding a +4 long sword of freezing and wearing a +0 robe (62% to hit)
You shoot a sling bullet.
The sling bullet hits the wight but does no damage.
The wight closely misses you. x2
Fire: g) +6 sling of Jeubul {vorpal, Str+4}
Press: ? - help, Q - select action, (/) - cycle Shift-Dir - straight line, f/p - wight
Aim: a wight, wielding a +4 long sword of freezing and wearing a +0 robe (62% to hit)
You shoot a sling bullet. The sling bullet hits the wight.
The wight hits you but does no damage.
MP[+1] Fire: g) +6 sling of Jeubul {vorpal, Str+4}
Press: ? - help, Q - select action, (/) - cycle Shift-Dir - straight line, f/p - wight
Aim: a wight, wielding a +4 long sword of freezing and wearing a +0 robe (lightly damaged, 62% to hit)
You shoot a sling bullet.
The sling bullet barely misses the wight.
The sling bullet hits the wight.
The wight barely misses you.
The wight hits you with a +4 long sword of freezing!
* * * LOW HITPOINT WARNING * * *
The wight freezes you.
* * * LOW HITPOINT WARNING * * *
HP[-12]
You take 12 damage, and now have 13/50 hp.
MASSIVE DAMAGE!! (PAUSE) Fire: g) +6 sling of Jeubul {vorpal, Str+4}
Press: ? - help, Q - select action, (/) - cycle Shift-Dir - straight line, f/p - wight
Aim: a wight, wielding a +4 long sword of freezing and wearing a +0 robe (lightly damaged, 62% to hit)
You shoot a sling bullet.
The sling bullet closely misses the wight.
The sling bullet barely misses the wight.
The wight hits you with a +4 long sword of freezing.
* * * LOW HITPOINT WARNING * * *
You feel drained. The wight freezes you.
* * * LOW HITPOINT WARNING * * *
HP[-2]
You now have 49 max hp (-1).
You take 2 damage, and now have 11/49 hp.
Fire: g) +6 sling of Jeubul {vorpal, Str+4}
Press: ? - help, Q - select action, (/) - cycle Shift-Dir - straight line, f/p - wight
Aim: a wight, wielding a +4 long sword of freezing and wearing a +0 robe (lightly damaged, 62% to hit)
You shoot a sling bullet. The sling bullet hits the wight.
The wight barely misses you.
Fire: g) +6 sling of Jeubul {vorpal, Str+4}
Press: ? - help, Q - select action, (/) - cycle Shift-Dir - straight line, f/p - wight
Aim: a wight, wielding a +4 long sword of freezing and wearing a +0 robe (heavily damaged, 62% to hit)
You shoot a sling bullet.
The sling bullet barely misses the wight.
The sling bullet barely misses the wight.
The wight hits you with a +4 long sword of freezing.
* * * LOW HITPOINT WARNING * * *
You feel drained. The wight freezes you.
* * * LOW HITPOINT WARNING * * *
The wight hits you with a +4 long sword of freezing!
You die...

Skill      XL: |  1  2  3  4  5  6  7  8 |
---------------+-------------------------+-----
Stealth        | 3 4 5 |  5.0
Poison Magic   | 4 5 6 7 8 9 |  9.0
Fire Magic     | 1 2 3 4 |  4.0
Spellcasting   | 3 4 5 |  5.0
Fighting       | 1 |  1.8
Dodging        | |  2.9
Transmutations | |  1.0

Action                   |  1- 3 |  4- 6 |  7- 9 || total
-------------------------+-------+-------+-------++-------
Melee: Unarmed           |    13 |       |       ||    13
       Constrict         |     7 |       |       ||     7
       Short sword       |    18 |       |       ||    18
       Tentacles         |     5 |       |       ||     5
 Fire: Sling             |    15 |    76 |    45 ||   136
 Cast: Sting             |    32 |       |     2 ||    34
       Poisonous Vapours |     3 |     7 |     6 ||    16
       Olgreb's Toxic Ra |       |     6 |    21 ||    27
  Use: Scroll            |       |     6 |     4 ||    10
       Potion            |       |       |     4 ||     4
 Stab: Sleeping          |     3 |       |       ||     3
Armor: Skin              |     7 |     2 |    10 ||    19
Dodge: Dodged            |    38 |    12 |    17 ||    67

Levels and vault maps discovered:
D:1:      scummos_arrival_star, layout_basic,
          hellmonk_ecumenical_altar_arch_garden, dk_noncrumbling_4,
          minmay_crystal_room, minmay_ruptured
D:2:      minmay_kobold_bridge, layout_rooms, basic_altar, minmay_hedge_maze,
          uniq_crazy_yiuf_cottage
D:3:      layout_loops_corners, minmay_gold_behind_fungi
D:4:      layout_rooms, minmay_temple_entry_waves, serial_shops,
          nicolae_lakefront_shop
D:5:      layout_layer_cave, uniq_grinder
D:6:      layout_loops_cross, hangedman_decor_opposing,
          minmay_fractal_squares_gapless_5
Temple:   dpeg_three_leaves_temple

Notes
Turn   | Place    | Note
-------+----------+-------------------------------------------
     0 | D:1      | zeratav the Octopode Venom Mage began the quest for the
                  | Orb.
     0 | D:1      | Reached XP level 1. HP: 11/11 MP: 3/3
     0 | D:1      | magus.rc [v1.9.6]
   251 | D:1      | Reached skill level 3 in Stealth
   436 | D:1      | Reached skill level 4 in Poison Magic
   436 | D:1      | Reached XP level 2. HP: 7/17 MP: 1/5
  1295 | D:1      | Found a faded altar of an unknown god.
  1332 | D:1      | Reached XP level 3. HP: 20/21 MP: 3/6
  1457 | D:1      | You pick up a book of Scorching and begin reading...
  1457 | D:1      | You add the spells Scorch, Flame Wave and Summon Cactus
                  | Giant to your library.
  1625 | D:1      | Reached skill level 4 in Stealth
  1801 | D:1      | Learned a level 2 spell: Poisonous Vapours
  1835 | D:2      | Found a burning altar of Makhleb.
  1973 | D:2      | Identified the +6 sling of Jeubul {vorpal, Str+4}
  2094 | D:2      | Reached XP level 4. HP: 27/27 MP: 7/7
  2103 | D:2      | Reached skill level 5 in Stealth
  2103 | D:2      | Reached skill level 5 in Poison Magic
  2105 | D:2      | Identified the +5 ring mail of the Big Bang {Drain rF+ rN++
                  | Dex+3 SInv}
  2114 | D:2      | You add the spells Blink, Manifold Assault and Storm Form
                  | to your library.
  2444 | D:2      | Found a runed translucent door.
  2445 | D:2      | Noticed Crazy Yiuf
  2679 | D:3      | Reached XP level 5. HP: 26/31 MP: 1/8
  2857 | D:3      | Reached skill level 6 in Poison Magic
  3172 | D:3      | You add the spells Tukima's Dance, Passage of Golubria and
                  | Yara's Violent Unravelling to your library.
  3216 | D:3      | You pick up a book of Flames and begin reading...
  3216 | D:3      | You add the spells Foxfire, Conjure Flame and Inner Flame
                  | to your library.
  3240 | D:3      | Learned a level 4 spell: Olgreb's Toxic Radiance
  3712 | D:4      | Found Setaumab's Assorted Antiques.
  3721 | D:4      | Bought a scratched jade ring for 115 gold pieces
  3798 | D:4      | Reached skill level 1 in Fire Magic
  3798 | D:4      | Reached XP level 6. HP: 36/36 MP: 9/9
  3798 | D:4      | Found a staircase to the Ecumenical Temple.
  3829 | Temple   | Entered the Ecumenical Temple
  4260 | D:5      | Entered Level 5 of the Dungeon
  4326 | D:5      | Noticed Grinder
  4482 | D:5      | Reached skill level 7 in Poison Magic
  4817 | D:5      | Reached skill level 3 in Spellcasting
  4817 | D:5      | Reached skill level 2 in Fire Magic
  4817 | D:5      | Reached XP level 7. HP: 41/41 MP: 2/11
  6101 | D:5      | Reached skill level 3 in Fire Magic
  6527 | D:6      | Noticed a yak
  6528 | D:6      | Noticed a yak
  6530 | D:6      | Noticed a yak
  6531 | D:6      | Noticed a yak
  6546 | D:6      | Killed a yak
  6547 | D:6      | Reached skill level 4 in Spellcasting
  6547 | D:6      | Reached skill level 8 in Poison Magic
  6547 | D:6      | Reached XP level 8. HP: 31/46 MP: 2/14
  6547 | D:6      | Killed a yak
  6548 | D:6      | Reached skill level 4 in Fire Magic
  6554 | D:6      | HP: 4/46 [wight/+4 battleaxe (19)]
  6556 | D:6      | Killed a yak
  6559 | D:6      | HP: 11/44 [wight/+4 battleaxe (5)]
  6562 | D:6      | Killed a yak
  6563 | D:6      | Reached skill level 5 in Spellcasting
  6563 | D:6      | Reached skill level 9 in Poison Magic
  6563 | D:6      | Reached skill level 1 in Fighting
  6575 | D:6      | HP: 12/50 [wight/+4 long sword of freezing (1)]
  6577 | D:6      | Mangled by a wight

Vanquished Creatures
  4 yaks (D:6)
  3 scorpions
  2 wights (D:6)
  3 hounds
  A jelly (D:6)
  6 orc priests
  An orc wizard (D:5)
  An iguana (D:5)
  8 gnolls (D:5)
  4 adders
  A shadow imp (D:5)
  A worm (D:2)
  2 dart slugs (D:1)
  22 orcs
  5 ball pythons
  2 bats (D:1)
  5 endoplasms
  A giant cockroach (D:4)
  3 goblins
  6 hobgoblins
  3 jackals (D:5)
  7 kobolds
  A quokka (D:2)
  6 frilled lizards
  5 rats
103 creatures vanquished.

Vanquished Creatures (others)
  A bush (D:2)
  4 toadstools (D:3)
5 creatures vanquished.

Grand Total: 108 creatures vanquished

Table legend:
 A = Non-vault XP
 B = Vault XP
 C = Vault XP percentage of total XP
 D = Non-vault monster count
 E = Vault monster count
 F = Vault count percentage of total count
                 A         B        C        D         E       F
            +---------+---------+-------+---------+---------+-------
      Total |    1998 |      13 |   0.6 |      94 |       9 |   8.7
            +---------+---------+-------+---------+---------+-------
        D:1 |      32 |       8 |  20.0 |      17 |       5 |  22.7
        D:2 |      97 |       5 |   4.9 |       8 |       4 |  33.3
        D:3 |      82 |       0 |   0.0 |      16 |       0 |   0.0
        D:4 |     215 |       0 |   0.0 |      10 |       0 |   0.0
        D:5 |     522 |       0 |   0.0 |      34 |       0 |   0.0
        D:6 |    1050 |       0 |   0.0 |       9 |       0 |   0.0
            +---------+---------+-------+---------+---------+-------

Illustrated notes

Table legend:
 A = Kills in this place as a percentage of kills in entire the game.
 B = Kills by you in this place as a percentage of kills by you in the entire game.
 C = Kills by friends in this place as a percentage of kills by friends in the entire game.
 D = Other kills in this place as a percentage of other kills in the entire game.
 E = Experience gained in this place as a percentage of experience gained in the entire game.
 F = Experience gained in this place divided by the number of levels of this place that you have seen.
                   A       B       C       D       E      F
               +-------+-------+-------+-------+-------+----------------------
         Total | 100.0 | 100.0 |   N/A |   N/A | 100.0 | 287.3
       Dungeon | 100.0 | 100.0 |   N/A |   N/A | 100.0 | 335.2
               +-------+-------+-------+-------+-------+----------------------

Table legend: (Time is in decaauts)
 A = Elapsed time spent in this place.
 B = Non-inter-level travel time spent in this place.
 C = Inter-level travel time spent in this place.
 D = Time resting spent in this place.
 E = Time spent auto-exploring this place.
 F = Levels seen in this place.
 G = Mean time per level.
                   A        B        C        D        E       F      G
               +--------+--------+--------+--------+--------+-----+--------+
         Total |   6629 |   6481 |    148 |   1198 |   4390 |   7 |  947.0 |
       Dungeon |   6543 |   6411 |    132 |   1198 |   4326 |   6 | 1090.5 |
        Temple |     85 |     70 |     15 |      0 |     64 |   1 |   85.0 |
               +--------+--------+--------+--------+--------+-----+--------+

Top non-repeatable levels by time:
     D:5: 2059 daAuts
     D:1: 1834 daAuts
     D:3: 969 daAuts
     D:2: 780 daAuts
     D:4: 622 daAuts
     D:6: 276 daAuts
  Temple: 85 daAuts
